 Dungeon Crawl Stone Soup version 0.29.1-2-gbd0b4ee654 (webtiles) character file.

Game seed: 13746435710382938242

69 Arcadio the Trooper (level 4, -3/48 HPs)
             Began as an Ogre Gladiator on Nov 21, 2022.
             Killed from afar by an orc wizard (9 damage)
             ... with a puff of flame
             ... on level 3 of the Dungeon.
             The game lasted 00:04:43 (1786 turns).

Arcadio the Trooper (Ogre Gladiator)                Turns: 1786, Time: 00:04:43

Health: -3/48      AC:  3    Str: 20    XL:     4   Next: 20%
Magic:  4/4        EV: 10    Int: 15    God:
Gold:   92         SH:  5    Dex: 10    Spells: 3/3 levels left

rFire   . . .      SeeInvis .   a - +0 quarterstaff
rCold   . . .      Faith    .   (shield currently unavailable)
rNeg    . . .      Spirit   .   b - +0 robe
rPois   .          Reflect  +   c - +0 hat
rElec   .          Harm     .   (no cloak)
rCorr   .          Rampage  .   (gloves unavailable)
Will    .....                   (boots unavailable)
Stlth   +.........              q - amulet of reflection
HPRegen 0.16/turn               n - +6 ring of intelligence
MPRegen 0.09/turn               (no ring)

@: no status effects
A: large, unfitting armour, tough skin 1
a: no special abilities


You were on level 3 of the Dungeon.
You visited 1 branch of the dungeon, and saw 3 of its levels.

You collected 92 gold pieces.

Inventory:

Hand Weapons
 a - a +0 quarterstaff (weapon)
Missiles
 d - 3 throwing nets
 e - a large rock
 f - 9 stones (quivered)
Armour
 b - a +0 robe (worn)
 c - a +0 hat (worn)
 s - a +0 kite shield
Jewellery
 n - a +6 ring of intelligence (left hand)
 q - an amulet of reflection (around neck)
Scrolls
 g - a scroll of teleportation {unknown}
 i - a scroll of fear {unknown}
 l - a scroll of silence {unknown}
 p - a scroll of blinking {unknown}
 r - a scroll of immolation {unknown}
 t - a scroll of torment {unknown}
 u - a scroll of enchant armour {unknown}
Potions
 h - a potion of flight {unknown}
 j - 3 potions of lignification {unknown}
 k - 3 potions of haste {unknown}
 m - a potion of degeneration {unknown}
 o - 2 potions of cancellation {unknown}


   Skills:
 + Level 4.0 Fighting
 - Level 3.0 Staves
 + Level 2.9 Throwing
 + Level 3.3 Dodging


You had 3 spell levels left.
You didn't know any spells.
Your spell library was empty.

Dungeon Overview and Level Annotations

Branches:
Dungeon (3/15) Zot: 16194

Altars:

Shops:
D:1 (


Innate Abilities, Weirdness & Mutations

You are too large for most types of armour.
You have tough skin. (AC +1)


Message History

Something tries to affect you, but you resist.
The frilled lizard bites you. Something hits you but does no damage.
The frilled lizard barely misses you.
You hit the frilled lizard.
You kill the frilled lizard!
You hear some strange, mumbled words.
Something tries to affect you, but you resist.
You barely miss the orc. Something hits you. You block the orc's attack.
You thump the orc!
You kill the orc!
Something hits you.
You hit something.
You hear some strange, mumbled words.
A puff of flame appears from out of thin air!
The puff of flame hits you!
You hit something. Something hits you but does no damage.
You barely miss something. Something hits you but does no damage.
Something hits you.
You sock something! Something hits you.
You miss something.
You hear some strange, mumbled words.
You are confused.
You miss something. Something hits you.
You closely miss something.
You bump into the rock wall.
Something hits you.
You bump into the rock wall.
The orc hits you with a +0 war axe. Something hits you.
You bump into the rock wall.
The orc closely misses you. Something hits you.
You closely miss something.
You feel less confused. The orc hits you with a +0 war axe.
* * * LOW HITPOINT WARNING * * *
Something hits you.
* * * LOW HITPOINT WARNING * * *
You sock the orc!
You kill the orc!
You hear some strange, mumbled words.
A puff of flame appears from out of thin air!
The puff of flame hits you!
You die...

# ##.#.####
......{@#
....###)# ###.
###.###.#########
.....
................#
....#
###.###.#####.###
....+ #.# #.#
...# #.# #.#
###..#
#.###.#####.###
....##
#.............#


There were no monsters in sight!

Vanquished Creatures
  2 adders (D:2)
  A worm (D:2)
  5 orcs (D:3)
  3 bats
  5 endoplasms
  3 giant cockroaches (D:2)
  4 goblins
  3 hobgoblins
  A kobold (D:1)
  A quokka (D:2)
  7 ball pythons
  4 frilled lizards
  2 rats
41 creatures vanquished.

Notes
Turn   | Place    | Note
-------+----------+-------------------------------------------
     0 | D:1      | Arcadio the Ogre Gladiator began the quest for the Orb.
     0 | D:1      | Reached XP level 1. HP: 22/22 MP: 1/1
   137 | D:1      | Reached skill level 3 in Fighting
   230 | D:1      | Reached XP level 2. HP: 31/31 MP: 2/2
   335 | D:1      | Found Ymizxuul's Weapon Shop.
   857 | D:2      | Reached XP level 3. HP: 24/37 MP: 3/3
  1592 | D:3      | Identified the +7 chain mail of Midnight {Rampage +Blink}
  1601 | D:3      | Reached XP level 4. HP: 43/48 MP: 4/4
  1769 | D:3      | Reached skill level 4 in Fighting
  1786 | D:3      | Killed from afar by an orc wizard

Illustrated notes

Levels and vault maps discovered:
D:1:      lightli_molten_gateway, layout_basic, serial_shops, shop_statue
D:2:      layout_basic, minmay_tree_intersection
D:3:      layout_basic, biasface_ghost_orc_armoury, minmay_checkerbox

Skill      XL: |  1  2  3  4 |
---------------+-------------+-----
Fighting       | 3 4 |  4.0
Dodging        | 3 |  3.3
Staves         | |  3.0
Throwing       | |  2.9

Action                   |  1- 3 |  4- 6 || total
-------------------------+-------+-------++-------
Melee: Quarterstaff      |    95 |    32 ||   127
Armor: Robe              |    26 |    13 ||    39
Dodge: Dodged            |    42 |    11 ||    53
Block: Other             |    22 |     5 ||    27
